 Dungeon Crawl Stone Soup version 0.28-a0-1087-gf3fc490d9d (webtiles) character file.

Game seed: 566995332732955186

32 ytrimaz the Insei (level 3, 0/23 HPs)
             Began as an Octopode Transmuter on Dec 10, 2021.
             Succumbed to a kobold's poison
             ... on level 2 of the Dungeon.
             The game lasted 00:02:03 (1312 turns).

ytrimaz the Insei (Octopode Transmuter)             Turns: 1312, Time: 00:02:04

Health: 0/23       AC:  1    Str:  9    XL:     3   Next: 25%
Magic:  6/6        EV: 13    Int: 17    God:
Gold:   62         SH:  0    Dex: 12    Spells: 0/6 levels left

rFire   + . .      SeeInvis .     - Unarmed
rCold   + . .      Faith    .   (no shield)
rNeg    . . .      Spirit   .   (helmet restricted)
rPois   +          Reflect  .   (no amulet)
rElec   +          Harm     .   (no ring)
rCorr   +          Rampage  .   (no ring)
Will    .....                   (no ring)
Stlth   ++........              (no ring)
HPRegen 0.07/turn               (no ring)
MPRegen 0.10/turn               (no ring)
                                (no ring)
                                (no ring)

@: brilliant, lethally poisoned (0 -> -2), resistant
A: almost no armour, amphibious, 8 rings, camouflage 1, gelatinous body 1,
(nimble swimmer 1), tentacles
a: no special abilities


You were on level 2 of the Dungeon.
You visited 1 branch of the dungeon, and saw 2 of its levels.

You collected 62 gold pieces.

Inventory:

Potions
 a - a potion of haste


   Skills:
 * Level 1.4 Fighting
 - Level 2.0 Dodging
 + Level 3.4 Unarmed Combat
 * Level 2.4 Spellcasting
 * Level 2.4 Transmutations


You couldn't memorise any spells.
You knew the following spells:

 Your Spells              Type           Power      Damage    Failure   Level
a - Beastly Appendage     Tmut           30%        N/A       7%          1
b - Wereblood             Tmut           15%        N/A       11%         2
c - Spider Form           Tmut/Pois      9%         N/A       34%         3

Your spell library contained the following spells:

 Spells                   Type           Power      Damage    Failure   Level
 Freeze                   Ice            12%        1d4       19%         1
 Frozen Ramparts          Ice            6%         1d2       50%         3
 Ice Form                 Ice/Tmut       9%         N/A       75%         4
 Hailstorm                Conj/Ice       3%         3d3       88%         4


Dungeon Overview and Level Annotations

Branches:
Dungeon (2/15)

Altars:


Innate Abilities, Weirdness & Mutations

You cannot wear most types of armour.
You are amphibious.
You can wear up to eight rings at the same time.
Your skin changes colour to match your surroundings (Stealth+).
Your rubbery body absorbs attacks. (AC +1, EV +1)
((You are camouflaged near water. (Stealth+)))
You have tentacles for arms and can constrict up to eight enemies at once.


Message History

The bat misses you. The bat hits you.
You barely miss the bat. Your grab misses the bat.
The bat is severely wounded.
The bat closely misses you.
You tentacle-slap the kobold. Your grab misses the kobold.
The kobold is severely wounded.
The bat barely misses you. The kobold barely misses you. The bat misses you.
You barely miss the bat. You grab the bat.
The bat is severely wounded.
You constrict the bat.
You kill the bat!
The kobold hits you with a +4 dagger of venom.
You closely miss the kobold. Your grab misses the kobold.
The kobold is severely wounded.
The kobold hits you with a +4 dagger of venom.
You are lethally poisoned!
You are too injured to fight recklessly!
You tentacle-slap the kobold.
You kill the kobold!
* * * LOW HITPOINT WARNING * * *
You feel sick.
You are too injured to fight recklessly!
* * * LOW HITPOINT WARNING * * *
You feel sick.
Things that are here:
a +4 dagger of venom; 5 stones; a kobold corpse
* * * LOW HITPOINT WARNING * * *
You feel sick.
Unknown command.
It was a potion of brilliance.
You feel clever all of a sudden.
* * * LOW HITPOINT WARNING * * *
You feel sick.
You feel protected.
* * * LOW HITPOINT WARNING * * *
You feel sick.
There is a lethal amount of poison in your body!
There is a lethal amount of poison in your body!
There is a lethal amount of poison in your body!
You die...

#....##............# ..#
....
#..#..........###..##.##
....
#....#.#....#.........
..
#............####.....
....................#
..##.......##..##... .
.(...##............
..#.#...†).........
......###@##.......
....## #.# ....... ###
#.# ....... ... .......
... ######. ..... #####


There were no monsters in sight!

Vanquished Creatures
  An adder (D:2)
  2 ball pythons (D:1)
  2 endoplasms
  A hobgoblin (D:2)
  3 jackals (D:1)
  A quokka (D:1)
  4 bats
  3 kobolds
  5 rats
  A spectral goblin (D:1)
23 creatures vanquished.

Notes
Turn   | Place    | Note
-------+----------+-------------------------------------------
     0 | D:1      | ytrimaz the Octopode Transmuter began the quest for the
                  | Orb.
     0 | D:1      | Reached XP level 1. HP: 13/13 MP: 3/3
   360 | D:1      | Reached XP level 2. HP: 14/18 MP: 3/5
   700 | D:1      | Found a faded altar of an unknown god.
  1253 | D:2      | Reached XP level 3. HP: 21/23 MP: 6/6
  1256 | D:2      | Learned a level 2 spell: Wereblood
  1260 | D:2      | Learned a level 3 spell: Spider Form
  1311 | D:2      | HP: 1/23 [poisoned by a kobold]
  1312 | D:2      | Succumbed to a kobold's poison

Illustrated notes

Levels and vault maps discovered:
D:1:      amcnicky_arrival_double_pillar, layout_basic, serial_glass,
          glass_columns_b, glass_columns_b, due_unseen_surprise,
          dreamdust_ecumenical_altar_drowned_temple
D:2:      layout_rooms, kennysheep_donut, minmay_close_crescents

Action                   || total
-------------------------++-------
Melee: Unarmed           ||    63
       Constrict         ||    20
       Tentacles         ||     8
       Kick              ||     4
       Punch             ||     1
 Cast: Beastly Appendage ||     5
  Use: Scroll            ||     6
       Potion            ||     3
 Stab: Sleeping          ||     5
Armor: Skin              ||     8
Dodge: Dodged            ||    63

Table legend: (Time is in decaauts)
 A = Elapsed time spent in this place.
 B = Non-inter-level travel time spent in this place.
 C = Inter-level travel time spent in this place.
 D = Time resting spent in this place.
 E = Time spent auto-exploring this place.
 F = Levels seen in this place.
 G = Mean time per level.
                   A        B        C        D        E       F      G
               +--------+--------+--------+--------+--------+-----+--------+
         Total |   1319 |   1313 |      6 |      0 |   1081 |   2 |  659.5 |
       Dungeon |   1319 |   1313 |      6 |      0 |   1081 |   2 |  659.5 |
               +--------+--------+--------+--------+--------+-----+--------+

Top non-repeatable levels by time:
     D:1: 876 daAuts
     D:2: 442 daAuts
